 Dungeon Crawl Stone Soup version 0.23.2 (webtiles) character file.

Game seed: 16507026847940837975

2396 myga the Thaumaturge (level 9, -6/42 HPs)
             Began as a Spriggan Conjurer on Apr 7, 2019.
             Was an Initiate of Nemelex Xobeh.
             Killed from afar by a raiju (9 damage)
             ... with a living lightning
             ... on level 1 of the Abyss.
             The game lasted 00:45:27 (7292 turns).

myga the Thaumaturge (Spriggan Conjurer)            Turns: 7292, Time: 00:45:27

Health: -6/42      AC:  6    Str:  4    XL:     9   Next: 22%
Magic:  22/22      EV: 25    Int: 18    God:    Nemelex Xobeh [......]
Gold:   309        SH:  0    Dex: 18    Spells: 6/24 levels left

rFire    . . .     SeeInvis +   l - +0 dagger
rCold    . . .     Gourm    .   (shield restricted)
rNeg     . . .     Faith    .   k - +1 robe
rPois    .         Spirit   .   (helmet restricted)
rElec    .         Reflect  .   t - +2 cloak
rCorr    .         Harm     .   (gloves unavailable)
MR       +....                  (boots unavailable)
Stlth    +++.......             y - amulet of inaccuracy (curse)
HPRegen  0.14/turn              B - +3 ring of evasion
MPRegen  0.18/turn              (no ring)

@: very quick
A: very small, unfitting armour, see invisible, herbivore, speed 3, slow
metabolism 2
a: Draw Escape, Draw Destruction, Draw Summoning, Renounce Religion


You were on level 1 of the Abyss.
You worshipped Nemelex Xobeh.
Nemelex Xobeh was noncommittal.
You were not hungry.

You visited 2 branches of the dungeon, and saw 7 of its levels.
You visited the Abyss 1 time.
You also visited: Sewer.

You collected 309 gold pieces.

Inventory:

Hand Weapons
 h - a +1 blowgun
 l - a +0 dagger (weapon)
 s - a +2 quarterstaff of chaos
 w - a +1 falchion of slicing
Missiles
 b - 103 arrows
 f - 193 stones (quivered)
 m - 20 poisoned needles
 o - 23 sling bullets
 E - a throwing net
Armour
 k - a +1 robe (worn)
 t - a +2 cloak (worn)
Jewellery
 y - a cursed amulet of inaccuracy (around neck)
 B - a +3 ring of evasion (left hand)
Wands
 n - a wand of polymorph (7)
 v - a wand of paralysis (1)
 x - a wand of digging (1)
Scrolls
 e - 3 scrolls of amnesia
 g - 5 scrolls of teleportation
 i - a scroll of enchant armour
 p - a scroll of fog {unknown}
 r - a scroll of fear
 C - 2 scrolls of blinking
 D - a scroll of enchant weapon
 G - a scroll of magic mapping {unknown}
 H - a scroll of summoning {unknown}
Potions
 a - a potion of resistance {unknown}
 d - a potion of haste
 j - a potion of degeneration
 q - a potion of brilliance
 u - a potion of might
 z - 2 potions of curing
 A - a potion of heal wounds {unknown}
 F - a potion of ambrosia {unknown}
Comestibles
 c - 7 rations


   Skills:
 + Level 1.7 Fighting
 + Level 2.6 Short Blades
 + Level 4.0 Throwing
 + Level 5.9 Dodging
 + Level 6.2 Stealth
 + Level 8.1 Spellcasting
 + Level 6.0 Conjurations
 + Level 1.0 Hexes
 * Level 2.5 Invocations


You had 6 spell levels left.
You knew the following spells:

 Your Spells              Type           Power        Failure   Level  Hunger
a - Magic Dart            Conj           ####         1%          1    None
b - Searing Ray           Conj           ####..       1%          2    None
c - Dazzling Spray        Conj/Hex       ###...       7%          3    #......
d - Iskenderun's Mystic   Conj           ####....     9%          4    ###....
e - Fulminant Prism       Conj/Hex       ###.......   22%         4    ###....
f - Force Lance           Conj/Tloc      ###.....     28%         4    ###....

Your spell library contained the following spells:

 Spells                   Type           Power        Failure   Level  Hunger


Dungeon Overview and Level Annotations

Branches:
Dungeon (6/15)             Temple (1/1) D:5

Altars:
Ashenzari
Cheibriados
Elyvilon
Fedhas
Hepliaklqana
Kikubaaqudgha
Nemelex Xobeh
Okawaru
Qazlal
Ru
Sif Muna
Uskayaw
Wu Jian
Xom
Yredelemnul
Zin


Innate Abilities, Weirdness & Mutations

You are very small and have problems with some larger weapons.
You are too small for most types of armour.
You have supernaturally acute eyesight. (SInv)
You are a herbivore.
You cover ground extremely quickly.
You need to consume almost no food.


Message History

Found 47 gold pieces.
An iron imp comes into view.
A great orb of eyes comes into view.
The iron imp shouts!
A soul eater comes into view.
Found a ring mail.
A raiju comes into view. x2
Press: ? - help, v - describe, . - travel
Here: a raiju (hasn't noticed you)
The floor.
The raiju barks!
You hear a bark!
The raiju bursts into living lightning!
The living lightning hits you! x2
* * * LOW HITPOINT WARNING * * *
The raiju blinks! x3
Found a morningstar and 17 stones.
The raiju bursts into living lightning!
The living lightning hits you!
You die...
Your body disappears without a glow.

## .#≈## #(## .≈.#
≈...≈..≈## ≈≈≈≈≈
.≈.# ≈ ≈≈≈≈≈≈.# ≈≈≈
.≈♣≈. .≈≈..#≈≈# #
#≈.)..@### ## .#
#...≈.#..###.#..#h#
....≈≈.##.h...§..
.. .#.#≈≈≈
####.###.## .. ##≈#
#.## . ## ##.####
## ..## ####
#.#.#......#
#.##.#.##.##.


You could see a raiju.

Vanquished Creatures
  Grinder (D:4)
  Sigmund (D:2)
  An ice beast (D:5)
  A sky beast (D:6)
  2 ogres (D:5)
  7 big kobolds (Sewer)
  A scorpion (D:5)
  5 killer bees (D:6)
  A crimson imp (D:6)
  4 hounds
  2 jellies (D:5)
  Crazy Yiuf (D:4)
  2 bullfrog skeletons
  An orc priest (D:5)
  2 orc wizards
  Natasha (thrice) (D:3)
  An iguana (D:5)
  A worker ant (D:4)
  A hound skeleton (D:4)
  9 adders
  11 gnolls
  2 river rats (Sewer)
  2 shadow imps (D:5)
  7 oozes
  8 worms
  A dart slug (D:5)
  3 leopard geckos
  6 orcs
  3 ball pythons
  4 giant cockroaches
  4 goblins
  9 hobgoblins
  2 jackals (D:3)
  10 kobolds
  A quokka (D:3)
  7 bats
  5 frilled lizards
  7 rats
139 creatures vanquished.

Vanquished Creatures (others)
  An orc wizard (D:6)
1 creature vanquished.

Grand Total: 140 creatures vanquished

Notes
Turn   | Place    | Note
-------+----------+-------------------------------------------
     0 | D:1      | myga the Spriggan Conjurer began the quest for the Orb.
     0 | D:1      | Reached XP level 1. HP: 9/9 MP: 5/5
   317 | D:1      | Reached XP level 2. HP: 13/13 MP: 0/6
   425 | D:1      | Learned a level 2 spell: Searing Ray
   921 | D:1      | Reached skill level 3 in Spellcasting
  1044 | D:2      | Reached XP level 3. HP: 16/16 MP: 0/8
  1545 | D:2      | Noticed Sigmund
  1590 | D:3      | Noticed Natasha
  1908 | D:3      | Killed Natasha
  1908 | D:3      | Reached XP level 4. HP: 10/21 MP: 0/9
  2075 | D:3      | Found an iron altar of Okawaru.
  2096 | D:3      | Learned a level 3 spell: Dazzling Spray
  2187 | D:3      | Noticed Natasha
  2218 | D:3      | Killed Natasha
  2445 | D:2      | Killed Sigmund
  2445 | D:2      | Reached skill level 4 in Spellcasting
  2445 | D:2      | Reached XP level 5. HP: 24/24 MP: 1/12
  2445 | D:2      | Reached XP level 6. HP: 28/28 MP: 1/13
  2596 | D:2      | Learned a level 4 spell: Iskenderun's Mystic Blast
  2672 | D:2      | Reached skill level 1 in Throwing
  3098 | D:3      | Noticed Natasha
  3104 | D:3      | Killed Natasha
  3305 | D:4      | Found a runed translucent door.
  3306 | D:4      | Noticed Crazy Yiuf
  3488 | D:4      | Noticed Grinder
  3571 | D:4      | Killed Grinder
  3571 | D:4      | Reached skill level 5 in Spellcasting
  3571 | D:4      | Reached XP level 7. HP: 26/32 MP: 0/16
  3659 | D:4      | Found a glowing drain.
  3668 | Sewer    | Entered a sewer
  3742 | Sewer    | Reached skill level 5 in Stealth
  3847 | Sewer    | Reached skill level 1 in Fighting
  3847 | Sewer    | Reached skill level 5 in Conjurations
  4070 | Sewer    | Reached skill level 5 in Dodging
  4200 | Sewer    | Reached skill level 6 in Spellcasting
  4405 | Sewer    | Reached XP level 8. HP: 37/37 MP: 8/18
  4582 | Sewer    | Reached skill level 1 in Hexes
  5005 | D:4      | Found a sparkling altar of Nemelex Xobeh.
  5212 | D:4      | Killed Crazy Yiuf
  5265 | D:5      | Entered Level 5 of the Dungeon
  5274 | D:5      | Reached skill level 1 in Short Blades
  5280 | D:5      | Learned a level 4 spell: Fulminant Prism
  5466 | D:5      | Found a staircase to the Ecumenical Temple.
  5477 | Temple   | Entered the Ecumenical Temple
  5629 | D:4      | Became a worshipper of Nemelex Xobeh the Trickster
  5654 | D:5      | Received a gift from Nemelex Xobeh
  5833 | D:5      | Reached skill level 7 in Spellcasting
  6040 | D:5      | Learned a level 4 spell: Force Lance
  6396 | D:5      | Found an ancient bone altar of Kikubaaqudgha.
  6572 | D:6      | Found a snail-covered altar of Cheibriados.
  6614 | D:6      | Reached skill level 1 in Invocations
  6614 | D:6      | Reached XP level 9. HP: 39/42 MP: 9/21
  6747 | D:6      | Reached skill level 8 in Spellcasting
  7089 | D:6      | Cast into level 1 of the Abyss (orc)
  7148 | Abyss:1  | Found a stormy altar of Qazlal.
  7182 | Abyss:1  | Noticed a thrashing horror
  7187 | Abyss:1  | Found a blossoming altar of Fedhas.
  7228 | Abyss:1  | Noticed a great orb of eyes
  7232 | Abyss:1  | Noticed a soul eater
  7292 | Abyss:1  | Killed from afar by a raiju

Skill      XL: |  1  2  3  4  5  6  7  8  9 |
---------------+----------------------------+-----
Conjurations   | 3 4 5 6 |  6.0
Spellcasting   | 3 4 5 6 7 8 |  8.1
Dodging        | 4 5 |  5.9
Stealth        | 4 5 6 |  6.2
Throwing       | 2 3 4 |  4.0
Fighting       | 1 |  1.7
Hexes          | 1 |  1.0
Short Blades   | 1 2 |  2.6
Invocations    | 1 2 |  2.5

Action                   |  1- 3 |  4- 6 |  7- 9 || total
-------------------------+-------+-------+-------++-------
Melee: Unarmed           |    10 |       |       ||    10
       Dagger            |     6 |    33 |    44 ||    83
 Fire: Blowgun           |       |    20 |    17 ||    37
Throw: Stone             |       |     5 |       ||     5
 Cast: Magic Dart        |    57 |    62 |    99 ||   218
       Searing Ray       |     3 |     9 |    56 ||    68
       Dazzling Spray    |       |     3 |       ||     3
 Abil: Draw Destruction  |       |       |     2 ||     2
  Use: Scroll            |     4 |     5 |     2 ||    11
       Potion            |       |       |     2 ||     2
 Stab: Sleeping          |     2 |     5 |     4 ||    11
  Eat: Ration            |       |       |     2 ||     2
Armor: Robe              |     5 |     7 |    11 ||    23
Dodge: Dodged            |    36 |    53 |   129 ||   218
